 Dungeon Crawl Stone Soup version 0.30-a0-137-gd8773701ce (webtiles) character file.

Game seed: 12116504146240483048

94 Dreamer the Changer (level 4, -1/28 HPs)
             Began as an Octopode Transmuter on Sept 23, 2022.
             Slain by Sigmund
             ... wielding a +0 scythe
              (13 damage)
             ... on level 3 of the Dungeon.
             The game lasted 00:05:22 (3928 turns).

Dreamer the Changer (Octopode Transmuter)           Turns: 3928, Time: 00:05:22

Health: -1/28      AC:  1    Str:  9    XL:     4   Next: 63%
Magic:  7/7        EV: 13    Int: 17    God:
Gold:   62         SH:  0    Dex: 12    Spells: 6/7 levels left

rFire   . . .      SeeInvis .    n - +0 dagger (elec)
rCold   . . .      Faith    .    (no shield)
rNeg    . . .      Spirit   .    (helmet restricted)
rPois   .          Reflect  .    (no amulet)
rElec   .          Harm     .    (no ring)
rCorr   .          Rampage  .    (no ring)
Will    .....                    (no ring)
Stlth   ++........               (no ring)
HPRegen 0.09/turn                (no ring)
MPRegen 0.10/turn                (no ring)
                                 (no ring)
                                 (no ring)

@: confused
A: almost no armour, amphibious, 8 rings, camouflage 1, gelatinous body 1,
(nimble swimmer 1), tentacles
a: no special abilities


You were on level 3 of the Dungeon.
You visited 1 branch of the dungeon, and saw 3 of its levels.

You collected 62 gold pieces.

Inventory:

Hand Weapons
 l - a +2 spear of flaming
 n - a +0 dagger of electrocution (weapon)
Wands
 q - a wand of flame (6)
Scrolls
 b - a scroll of enchant armour {unknown}
 d - 5 scrolls of identify {unknown}
 h - 2 scrolls of acquirement {unknown}
 k - a scroll of butterflies {unknown}
 m - a scroll of blinking {unknown}
 o - a scroll of torment {unknown}
 p - a scroll of teleportation {unknown}
Potions
 a - a potion of lignification
 c - a potion of flight {unknown}
 e - 2 potions of heal wounds {unknown}
 f - a potion of degeneration {unknown}
 g - a potion of curing {unknown}
 i - 2 potions of berserk rage {unknown}
 j - 2 potions of might {unknown}


   Skills:
 - Level 1.0 Fighting
 - Level 2.0 Dodging
 - Level 3.0 Unarmed Combat
 - Level 2.0 Spellcasting
 * Level 4.0 Transmutations
 + Level 2.1 Ice Magic


You had 6 spell levels left.
You knew the following spells:

 Your Spells              Type           Power      Damage    Failure   Level
a - Beastly Appendage     Tmut           30%        N/A       3%          1

Your spell library contained the following spells:

 Spells                   Type           Power      Damage    Failure   Level
 Wereblood                Tmut           15%        N/A       5%          2
 Magic Dart               Conj           4%         1d3       19%         1
 Spider Form              Tmut/Pois      8%         N/A       26%         3
 Call Imp                 Summ           1%         N/A       28%         2
 Ice Form                 Ice/Tmut       12%        N/A       47%         4
 Gell's Gravitas          Tloc           1%         N/A       50%         3
 Mephitic Cloud           Conj/Pois/Air  1%         N/A       50%         3
 Teleport Other           Tloc           1%         N/A       50%         3
 Dispersal                Tloc           0%         N/A       100%        6


Dungeon Overview and Level Annotations

Branches:
Dungeon (3/15)

Altars:
Ashenzari
Elyvilon

Shops:
D:3 [

Annotations:
D:3 Sigmund


Innate Abilities, Weirdness & Mutations

You cannot wear most types of armour.
You are amphibious.
You can wear up to eight rings at the same time.
Your skin changes colour to match your surroundings (Stealth+).
Your rubbery body absorbs attacks. (AC +1, EV +1)
((You are camouflaged when in or above water. (Stealth+)))
You have tentacles for arms and can constrict up to eight enemies at once.


Message History

Things that are here:
a +0 short sword; an orc corpse You start resting.
A goblin comes into view. It is wielding a +0 dagger.
A goblin is nearby!
There is a stone staircase leading down here.
You strike the helpless goblin from behind!
You hit the goblin. Lightning courses through the goblin!
You kill the goblin!
d - 5 scrolls labelled JUEDGH BANIPI (gained 1)
You now have 62 gold pieces (gained 4).
Things that are here:
a +0 dagger; a goblin corpse You start resting.
HP restored.
There is a stone staircase leading down here.
You climb downwards.
Level annotation: Sigmund Sigmund casts a spell.
Sigmund flickers and vanishes!
Deactivating autopickup; reactivate with Ctrl-A.
There is a stone staircase leading up, spattered with blood here.
There are no items here.
A giant cockroach comes into view.
The bat misses you.
You closely miss the bat. Your grab misses the bat. The bat misses you.
You are confused.
The bat closely misses you.
You are more confused.
You see here a +0 dagger.
The bat closely misses you.
There is a stone staircase leading up, spattered with blood here.
The bat closely misses you.
In your confused state, you trip and fall back down the stairs.
The giant cockroach barely misses you. The bat barely misses you.
A magic dart appears from out of thin air!
The magic dart hits you! The bat hits you. The giant cockroach bites you.
The bat hits you. Something hits you!
You die...

.###.##.##........#.#.....#
..................#.#.....##
..##....##........#..........
.....##.##........#.......####
.##..##...........#.......#
.o...##....##'#.#..)......#
.##..##....##.#.#.........#
.###.......##...B.........##
...............)@.{.(......#
.###.##.....#...b.....##...#
.# #........................
.###.#.....#..#'##........#
...........#..#.##........#
........................#.#
....#.........#.##......#.#
....#.........#.##......# #
....#.........#.## ....


You could see a giant cockroach and a bat.

Vanquished Creatures
  3 adders
  A worm (D:2)
  2 dart slugs (D:1)
  6 orcs
  5 endoplasms
  7 goblins
  7 hobgoblins
  3 quokkas
  4 ball pythons
  A bat (D:1)
  A frilled lizard (D:1)
  4 kobolds
  9 rats
53 creatures vanquished.

Notes
Turn   | Place    | Note
-------+----------+-------------------------------------------
     0 | D:1      | Dreamer the Octopode Transmuter began the quest for the
                  | Orb.
     0 | D:1      | Reached XP level 1. HP: 13/13 MP: 3/3
    34 | D:1      | Found a faded altar of an unknown god.
   411 | D:1      | Reached XP level 2. HP: 18/18 MP: 3/5
   689 | D:1      | Reached skill level 1 in Ice Magic
  1283 | D:2      | Reached skill level 3 in Transmutations
  1298 | D:2      | Reached XP level 3. HP: 17/23 MP: 6/6
  1471 | D:2      | Found a white marble altar of Elyvilon.
  1914 | D:2      | Identified the +6 sling of the Skies Above {freeze, rC+
                  | SInv Stlth+}
  2018 | D:2      | Reached XP level 4. HP: 24/28 MP: 7/7
  2164 | D:3      | Noticed Sigmund
  3236 | D:3      | Reached skill level 4 in Transmutations
  3314 | D:3      | Found Mefopi's Armour Boutique.
  3370 | D:3      | Found a broken altar of Ashenzari.
  3928 | D:3      | Slain by Sigmund

Illustrated notes

Levels and vault maps discovered:
D:1:      scummos_arrival_hexagon, layout_loops_corners,
          hellmonk_ecumenical_altar_prayer_group
D:2:      layout_basic, basic_altar
D:3:      layout_basic, ashenzari_altar_1, serial_shops, nicolae_shop_trees,
          uniq_natasha, uniq_sigmund

Skill      XL: |  1  2  3  4 |
---------------+-------------+-----
Ice Magic      | 1 2 |  2.1
Transmutations | 3 4 |  4.0
Fighting       | |  1.0
Dodging        | |  2.0
Unarmed Combat | |  3.0
Spellcasting   | |  2.0

Action                   |  1- 3 |  4- 6 || total
-------------------------+-------+-------++-------
Melee: Unarmed           |    11 |       ||    11
       Constrict         |    16 |    11 ||    27
       Kick              |     9 |       ||     9
       Tentacles         |    15 |     6 ||    21
       Punch             |     2 |     3 ||     5
       Whip              |    48 |       ||    48
       Spear             |    10 |    19 ||    29
       Dagger            |       |    20 ||    20
 Cast: Beastly Appendage |     8 |       ||     8
 Stab: Sleeping          |     8 |       ||     8
       Distracted        |       |     1 ||     1
Armor: Skin              |     5 |     4 ||     9
Dodge: Dodged            |    35 |    36 ||    71

Table legend: (Time is in decaauts)
 A = Elapsed time spent in this place.
 B = Non-inter-level travel time spent in this place.
 C = Inter-level travel time spent in this place.
 D = Time resting spent in this place.
 E = Time spent auto-exploring this place.
 F = Levels seen in this place.
 G = Mean time per level.
                   A        B        C        D        E       F      G
               +--------+--------+--------+--------+--------+-----+--------+
         Total |   3938 |   3773 |    165 |   1220 |   2041 |   3 | 1312.7 |
       Dungeon |   3938 |   3773 |    165 |   1220 |   2041 |   3 | 1312.7 |
               +--------+--------+--------+--------+--------+-----+--------+

Top non-repeatable levels by time:
     D:2: 2222 daAuts
     D:1: 1276 daAuts
     D:3: 439 daAuts
